 Dungeon Crawl Stone Soup version 0.30-a0-4-ga7cffc901d (webtiles) character file.

Game seed: 584434041299019232

96242 frimble the Demonic Aeon (level 15, -11/117 (122) HPs)
             Began as a Demonspawn Earth Elementalist on Aug 20, 2022.
             Was the Champion of Cheibriados.
             Mangled by an orc knight
             ... wielding a +2 battleaxe
              (20 damage)
             ... on level 2 of the Orcish Mines.
             The game lasted 00:37:35 (24732 turns).

frimble the Demonic Aeon (DsEE)                    Turns: 24732, Time: 00:37:36

HP:   -11/117 (122) AC: 15    Str: 24    XL:     15   Next: 68%
MP:   0/25          EV: 21    Int: 35    God:    Cheibriados [******]
Gold: 1511          SH:  0    Dex: 36    Spells: 15/18 levels left

rFire   + . .      SeeInvis .    b - +2 scimitar (flame)
rCold   + . .      Faith    .    (no shield)
rNeg    . . .      Spirit   +    H - +2 troll leather armour
rPois   .          Reflect  .    q - +0 helmet
rElec   .          Harm     .    t - scarf {rC+ rF+}
rCorr   .          Rampage  .    r - +2 pair of gloves
Will    +....                    F - +0 pair of boots {Stlth+}
Stlth   +++++++++.               E - amulet of guardian spirit
HPRegen 1.09/turn                Z - +4 ring of slaying
MPRegen 0.19/turn                j - +4 ring of protection

@: spiked, studying Poison Magic, lightly drained, very slow
A: thin skeletal structure 2, ignite blood 3, powered by pain 2
a: Renounce Religion, Bend Time, Temporal Distortion, Slouch, Step From Time


You were on level 2 of the Orcish Mines.
You worshipped Cheibriados.
Cheibriados was exalted by your worship.
You visited 4 branches of the dungeon, and saw 23 of its levels.
You also visited: Gauntlet and Ice Cave.

You collected 2014 gold pieces.
You spent 503 gold pieces at shops.

Inventory:

Hand Weapons
 a - the +7 dagger "Nintyime" {vorpal, Str+2}
   (You found it on level 6 of the Dungeon)

   It inflicts extra damage upon your enemies.
   Str:       It affects your strength (+2).
 b - a +2 scimitar of flaming (weapon)
 I - a +2 spectral long sword
Missiles
 f - 2 throwing nets
 J - 5 silver javelins
Armour
 q - a +0 helmet (worn)
 r - a +2 pair of gloves (worn)
 t - a scarf of resistance (worn)
 F - a +0 pair of boots of stealth (worn)
 H - a +2 troll leather armour (worn)
 O - a +0 buckler
Jewellery
 d - a ring of magical power
 g - a ring of wizardry
 j - a +4 ring of protection (right hand)
 w - a +6 ring of intelligence
 y - a +6 ring of intelligence
 B - a +6 ring of intelligence
 E - an amulet of guardian spirit (around neck)
 G - the amulet of the Air {Inacc Air Fly rElec RMsl}
   (You found it in a Gauntlet)

   [amulet of nothing]

   It reduces the accuracy of all your attacks.
   It enhances your air magic.
   rElec:     It insulates you from electricity.
   Fly:       It grants you flight.
   RMsl:      It protects you from missiles.
 K - an amulet of faith
 T - a ring of poison resistance
 X - a ring of see invisible
 Z - a +4 ring of slaying (left hand)
Wands
 C - a wand of flame (51)
 N - a wand of charming (12)
 R - a wand of polymorph (5)
Scrolls
 h - 4 scrolls of poison
 l - 6 scrolls of teleportation
 n - 5 scrolls of blinking
 v - 4 scrolls of amnesia
 L - 6 scrolls of vulnerability
 M - 2 scrolls of torment
 U - a scroll of fog
 V - 3 scrolls of identify
 W - a scroll of enchant armour
 Y - 4 scrolls of fear
Potions
 e - 5 potions of might
 i - 2 potions of lignification
 k - a potion of mutation
 m - 3 potions of ambrosia
 o - a potion of berserk rage
 p - 2 potions of resistance
 s - 3 potions of cancellation
 u - 3 potions of magic
 x - 3 potions of brilliance
 z - 4 potions of flight
 A - 5 potions of heal wounds
 D - 2 potions of haste
 Q - 8 potions of curing
 S - 2 potions of attraction
Miscellaneous
 c - a condenser vane (inert)
 P - a tin of tremorstones (1/2)


   Skills:
 - Level 12.3 Fighting
 - Level 9.2(11.9) Short Blades
 + Level 12.1(13.3) Long Blades
 - Level 7.4 Dodging
 - Level 12.0 Stealth
 + Level 4.5 Shields
 - Level 2.0 Spellcasting
 - Level 1.0 Transmutations
 - Level 2.7 Earth Magic
 - Level 14.4 Invocations
 + Level 8.3 Evocations


You had 15 spell levels left.
You knew the following spells:

 Your Spells              Type           Power      Damage    Failure   Level
a - Sandblast             Erth           44%        2d11      1%          1
b - Passwall              Tmut/Erth      13%        N/A       4%          2

Your spell library contained the following spells:

 Spells                   Type           Power      Damage    Failure   Level
 Apportation              Tloc           6%         N/A       6%          1
 Freeze                   Ice            12%        1d4       6%          1
 Necrotise                Necr           12%        1d4       6%          1
 Summon Small Mammal      Summ           12%        N/A       6%          1
 Stone Arrow              Conj/Erth      26%        3d8       11%         3
 Ignite Poison            Fire/Tmut/Pois 5%         N/A       17%         3
 Confusing Touch          Hex            3%         N/A       19%         3
 Mephitic Cloud           Conj/Pois/Air  3%         N/A       19%         3
 Tukima's Dance           Hex            3%         N/A       19%         3
 Petrify                  Tmut/Erth      16%        N/A       30%         4
 Ice Form                 Ice/Tmut       7%         N/A       45%         4
 Corpse Rot               Necr/Pois/Air  3%         N/A       54%         4
 Olgreb's Toxic Radiance  Pois           3%         N/A       54%         4
 Passage of Golubria      Tloc           3%         N/A       54%         4
 Yara's Violent Unravell  Hex/Tmut       3%         3d4       82%         5
 Freezing Cloud           Conj/Ice/Air   1%         6-21      87%         5
 Death Channel            Necr           1%         N/A       100%        6
 Simulacrum               Ice/Necr       1%         N/A       100%        6
 Enfeeble                 Hex            1%         N/A       100%        7
 Ozocubu's Refrigeration  Ice            1%         4d7       100%        7
 Ignition                 Fire           1%         3d3       100%        8
 Polar Vortex             Ice            1%         N/A       100%        9


Dungeon Overview and Level Annotations

Branches:
Dungeon (15/15)            Temple (1/1) D:6            Lair (5/5) D:8
 Shoals (0/4) Lair:3       Spider (0/4) Lair:3        Slime (0/5) Lair:5
    Orc (2/2) D:9          Vaults (0/5) D:13         Depths (0/4) D:15
  IceCv (visited)         Gauntlet (visited)
    Elf: Orc:2

Altars:
Ashenzari
Cheibriados
Dithmenos
Gozag
Hepliaklqana
Kikubaaqudgha
Makhleb
Okawaru
Qazlal
Ru
Sif Muna
Vehumet
Wu Jian
Xom
Jiyva

Shops:
D:3 [   D:8 (   D:12 [   D:13 *   D:15 *   Orc:1 *

Annotations:
D:4 1 runed translucent door, greasedhog's ghost, amateur GrIE
D:7 ice vault
Orc:1 3 runed translucent doors, Liomoixe's ghost, journeyman DrCj


Innate Abilities, Weirdness & Mutations

You have a moderately thin skeletal structure. (Dex +4, Stealth++)
Your demonic aura causes all spilled blood to erupt in flames.
You sometimes gain power by taking damage.


Message History

The orc high priest closely misses you.
The orc knight roars a battlecry!
The orc knight goes into a battle-frenzy!
You slash the orc high priest! You burn the orc high priest.
You kill the orc high priest!
Cheibriados thoroughly appreciates the change of pace.
An orc high priest comes into view. It is wielding a +0 hand axe.
You hit the orc high priest. You burn the orc high priest.
The orc high priest is almost dead.
You slice the orc high priest!! You burn the orc high priest.
You kill the orc high priest!
Cheibriados appreciates the change of pace.
The orc high priest utters an invocation to Beogh.
The orc knight misses you.
You hit the orc knight. You burn the orc knight.
The orc knight is severely wounded.
The orc knight is engulfed in blazing flames.
The orc knight hits you with a +1 war axe!
You hit the orc knight but do no damage.
The orc knight is almost dead.
The orc knight is engulfed in blazing flames.
You kill the orc knight!
Cheibriados thoroughly appreciates the change of pace.
The orc high priest utters an invocation to Beogh.
You slice the orc!! You burn the orc.
You kill the orc!
Cheibriados appreciates the change of pace.
The barbs in your skin will harm you if you move.
Continue?
Okay, then.
The orc high priest prays to Beogh.
The orc high priest calls down the wrath of Beogh upon you.
Beogh smites you!
The barbs in your skin will harm you if you move.
Continue?
Found a yak skeleton and three rat skeletons.
The barbed spikes dig painfully into your body as you move.
The orc knight hits you with a +2 battleaxe!!!
* * * LOW HITPOINT WARNING * * *
The orc knight is engulfed in blazing flames.
The orc knight hits you with a +2 battleaxe!!
You die...

##### ....÷#
......### ...))...#
÷..)÷...##
).§).÷§o§##
)4o.4.4@○.#
÷...÷.#○☼.## ## ..÷.÷
##☼).# #..# ## ###.
##...# #....##.## #
###)...#
.........#####.....##
..................##
.................##
...............###


You could see an orc knight (strong), an orc high priest (strong), a rust devil
(summoned) and 2 chaos spawn.

Vanquished Creatures
  Rupert (D:12)
  3 azure jellies (IceCv)
  A rockslime (IceCv)
  7 quicksilver oozes
  A minotaur (Gauntlet)
  A fire dragon (D:14)
  Josephine (D:13)
  4 boulder beetles
  9 hydras
  4 centaur warriors
  2 catoblepae
  An ice dragon (D:14)
  An ogre mage (D:13)
  An anaconda (Lair:1)
  4 two-headed ogres
  A death scarab (Gauntlet)
  A tengu warrior (D:15)
  3 death yaks (Lair:2)
  2 orc high priests (Orc:2)
  Sonja (Orc:2)
  Amaemon (D:9)
  4 skeletal warriors
  A flayed ghost (D:15)
  Lodul (D:12)
  A spectral hydra (Gauntlet)
  An orange crystal statue (IceCv)
  A wizard (D:14)
  A lindwurm (Lair:5)
  3 orc knights (Orc:2)
  A deep elf pyromancer (D:14)
  A necromancer (D:15)
  5 orc sorcerers
  A stone giant zombie (D:15)
  5 manticores
  A wolf spider (Lair:3)
  8 cyclopes
  12 elephants
  A merfolk siren (Lair:3)
  A fire giant skeleton (D:15)
  An orange demon (D:9)
  9 black mambas
  2 torpor snails
  A gargoyle (D:12)
  A freezing wraith (D:14)
  11 cane toads
  3 yaktaurs (D:14)
  3 rime drakes (Lair:5)
  An efreet (D:13)
  8 komodo dragons
  2 tengu conjurers
  A hellwing (Gauntlet)
  A guardian mummy (D:15)
  2 polar bears
  3 trolls (D:12)
  4 dream sheep (Lair:5)
  10 blink frogs
  18 slime creatures
  A centaur simulacrum (D:14)
  8 wraiths
  5 shadows
  6 wyverns
  49 yaks
  4 steam dragons
  4 vampire mosquitoes
  3 basilisks
  3 wargs
  An acid dragon (D:10)
  13 water moccasins
  Duvessa (D:7)
  14 orc warriors
  3 ice beasts
  3 black bears
  7 great orb of eyes simulacra (IceCv)
  13 ogres
  8 wolves
  12 centaurs
  2 phantoms
  9 slime creature simulacra (IceCv)
  2 kobold brigands
  A gnoll sergeant (D:9)
  13 bullfrogs
  5 necrophages
  A glowing shapeshifter simulacrum (IceCv)
  5 scorpions
  22 wights
  Dowan (D:7)
  3 electric eels (D:8)
  15 howler monkeys
  A crimson imp (D:14)
  3 gnoll boudas
  3 hounds
  5 jellies
  16 orc priests
  3 iguanas
  22 orc wizards
  Robin (D:3)
  13 gnolls
  6 adders
  2 shadow imps (Gauntlet)
  A white imp (D:5)
  An ufetubus (D:6)
  4 dart slugs
  56 orcs
  3 ball pythons
  5 bats
  4 endoplasms
  2 giant cockroaches
  14 goblins
  11 hobgoblins
  5 jackals
  10 kobolds
  A quokka (D:3)
  A frilled lizard (D:1)
  6 rats
616 creatures vanquished.

Vanquished Creatures (collateral kills)
  A wight (D:7)
1 creature vanquished.

Vanquished Creatures (others)
  A wight (D:7)
  An orc (Orc:1)
  48 fungi
  86 plants
  7 withered plants (D:15)
143 creatures vanquished.

Grand Total: 760 creatures vanquished

Notes
Turn   | Place    | Note
-------+----------+-------------------------------------------
     0 | D:1      | frimble the Demonspawn Earth Elementalist began the quest
                  | for the Orb.
     0 | D:1      | Reached XP level 1. HP: 13/13 MP: 3/3
    64 | D:1      | Reached skill level 1 in Transmutations
   119 | D:1      | Reached skill level 1 in Fighting
   320 | D:1      | Gained mutation: You sometimes gain a little power by
                  | taking damage. [demonic ancestry]
   320 | D:1      | Reached XP level 2. HP: 20/21 MP: 5/5
   504 | D:1      | Found a faded altar of an unknown god.
   853 | D:2      | Gained mutation: Your demonic aura sometimes causes spilled
                  | blood to erupt in flames. [demonic ancestry]
   853 | D:2      | Reached XP level 3. HP: 27/27 MP: 6/6
   955 | D:2      | Reached skill level 1 in Long Blades
  1296 | D:3      | Noticed Robin
  1560 | D:4      | Reached XP level 4. HP: 33/34 MP: 7/7
  1637 | D:4      | Found a runed translucent door.
  1637 | D:4      | Noticed greasedhog's ghost (amateur GrIE)
  1665 | D:4      | Noticed a necrophage
  1703 | D:4      | Killed a necrophage
  1704 | D:4      | Gained mutation: Your demonic aura often causes spilled
                  | blood to erupt in flames. [demonic ancestry]
  1704 | D:4      | Reached XP level 5. HP: 27/41 MP: 8/8
  1923 | D:3      | Noticed a black bear
  2976 | D:3      | Killed Robin
  3087 | D:3      | Killed a black bear
  3088 | D:3      | Gained mutation: You sometimes gain power by taking damage.
                  | [demonic ancestry]
  3088 | D:3      | Reached XP level 6. HP: 43/49 MP: 9/9
  3159 | D:3      | Found Sypeim's Armour Shop.
  3319 | D:5      | Entered Level 5 of the Dungeon
  3328 | D:5      | Found an ancient bone altar of Kikubaaqudgha.
  3455 | D:5      | Reached skill level 5 in Fighting
  3589 | D:5      | Reached XP level 7. HP: 32/56 MP: 10/10
  3729 | D:5      | Found a broken altar of Ashenzari.
  3729 | D:5      | Found a sacrificial altar of Ru.
  4144 | D:5      | Reached skill level 5 in Long Blades
  4435 | D:5      | Found a burning altar of Makhleb.
  4746 | D:4      | Found a stormy altar of Qazlal.
  4856 | D:6      | Reached XP level 8. HP: 63/64 MP: 11/11
  4925 | D:6      | Identified the +7 dagger "Nintyime" {vorpal, Str+2}
  5068 | D:6      | Reached skill level 1 in Short Blades
  5395 | D:6      | Found an iron altar of Okawaru.
  6050 | D:6      | Found a staircase to the Ecumenical Temple.
  6162 | Temple   | Entered the Ecumenical Temple
  6237 | Temple   | Became a worshipper of Cheibriados the Contemplative
  6768 | D:7      | Reached skill level 5 in Stealth
  6768 | D:7      | Gained mutation: Your demonic aura causes all spilled blood
                  | to erupt in flames. [demonic ancestry]
  6768 | D:7      | Reached XP level 9. HP: 14/69 MP: 12/12
  7199 | D:7      | Noticed Duvessa
  7199 | D:7      | Noticed Dowan
  7209 | D:7      | Killed Duvessa
  7548 | D:3      | Bought a +1 troll leather armour for 286 gold pieces
  7642 | D:7      | Killed Dowan
  7668 | D:7      | Found a hazy altar of Hepliaklqana.
  7746 | D:7      | Reached skill level 5 in Short Blades
  8389 | D:8      | Reached * piety under Cheibriados
  8909 | D:8      | Reached XP level 10. HP: 74/76 MP: 13/13
  8910 | D:8      | Reached ** piety under Cheibriados
  8924 | D:8      | Reached skill level 1 in Evocations
  9167 | D:8      | Found a staircase to the Lair.
  9356 | D:8      | Found Puat's Antique Weapon Shop.
  9474 | D:9      | Found a radiant altar of Vehumet.
  9527 | D:9      | Found a staircase to the Orcish Mines.
  9549 | D:9      | Reached skill level 5 in Dodging
  9665 | D:9      | Noticed a two-headed ogre
  9671 | D:9      | Killed a two-headed ogre
  9671 | D:9      | Reached *** piety under Cheibriados
  9684 | D:9      | Noticed Amaemon
  9690 | D:9      | Learned a level 2 spell: Passwall
  9704 | D:9      | Noticed an orange demon
  9704 | D:9      | Killed Amaemon
  9707 | D:9      | Killed an orange demon
  9908 | D:9      | Identified the +1 robe of the Spheres {rC+ SInv}
 10040 | D:9      | Reached **** piety under Cheibriados
 10141 | D:9      | Reached skill level 5 in Evocations
 10470 | D:10     | Entered Level 10 of the Dungeon
 10689 | D:10     | Noticed a two-headed ogre
 10701 | D:10     | Killed a two-headed ogre
 10702 | D:10     | Reached skill level 2 in Invocations
 10702 | D:10     | Reached XP level 11. HP: 51/81 MP: 14/14
 10963 | D:10     | Reached skill level 3 in Invocations
 11523 | D:11     | Noticed a skeletal warrior
 11523 | D:11     | Noticed a skeletal warrior
 11523 | D:11     | Noticed a skeletal warrior
 11524 | D:11     | Noticed a skeletal warrior
 11543 | D:10     | Killed a skeletal warrior
 11544 | D:10     | Reached skill level 4 in Invocations
 11695 | Lair:1   | Entered Level 1 of the Lair of Beasts
 11832 | Lair:1   | Noticed a catoblepas
 11835 | Lair:1   | Killed a catoblepas
 11836 | Lair:1   | Reached skill level 5 in Invocations
 11901 | Lair:1   | Reached ***** piety under Cheibriados
 11930 | Lair:1   | Noticed a boulder beetle
 12056 | Lair:1   | Noticed a seven-headed hydra
 12062 | Lair:1   | Killed a seven-headed hydra
 12063 | Lair:1   | Reached skill level 6 in Invocations
 12119 | Lair:1   | Noticed an anaconda
 12119 | Lair:1   | a boulder beetle changed into an anaconda
 12127 | Lair:1   | Killed an anaconda
 12188 | Lair:1   | Noticed an eight-headed hydra
 12196 | Lair:1   | Killed an eight-headed hydra
 12310 | Lair:1   | Reached skill level 7 in Invocations
 12310 | Lair:1   | Noticed a five-headed hydra
 12321 | Lair:1   | Killed a five-headed hydra
 12396 | Lair:1   | Reached XP level 12. HP: 87/91 MP: 17/17
 12817 | Lair:2   | Reached skill level 8 in Invocations
 13041 | Lair:2   | Noticed a death yak
 13044 | Lair:2   | Noticed a death yak
 13092 | Lair:2   | Killed a death yak
 13093 | Lair:2   | Noticed a death yak
 13109 | Lair:2   | Killed a death yak
 13110 | Lair:2   | Reached skill level 9 in Invocations
 13115 | Lair:2   | Killed a death yak
 13852 | Lair:3   | Found a hole to the Spider Nest.
 13865 | Lair:3   | Reached skill level 10 in Invocations
 14010 | Lair:3   | Reached skill level 10 in Stealth
 14119 | Lair:3   | Found a staircase to the Shoals.
 14620 | Lair:4   | Reached skill level 11 in Invocations
 14715 | Lair:4   | Noticed a six-headed hydra
 14722 | Lair:4   | Killed a six-headed hydra
 14723 | Lair:4   | Reached skill level 10 in Fighting
 14739 | Lair:4   | Gained mutation: You have a somewhat thin skeletal
                  | structure. (Dex +2, Stealth+) [demonic ancestry]
 14739 | Lair:4   | Reached XP level 13. HP: 103/103 MP: 21/21
 15014 | Lair:5   | Entered Level 5 of the Lair of Beasts
 15052 | Lair:5   | Reached ****** piety under Cheibriados
 15829 | Lair:5   | Found a staircase to the Slime Pits.
 15830 | Lair:5   | Found a viscous altar of Jiyva.
 15984 | Lair:5   | Reached skill level 12 in Invocations
 16853 | Lair:5   | Reached skill level 13 in Invocations
 18153 | Lair:5   | Noticed a quicksilver ooze
 18172 | Lair:5   | Killed a quicksilver ooze
 18173 | Lair:5   | Gained mutation: You have a moderately thin skeletal
                  | structure. (Dex +4, Stealth++) [demonic ancestry]
 18173 | Lair:5   | Reached XP level 14. HP: 22/114 MP: 0/24
 18960 | D:11     | Reached skill level 14 in Invocations
 19454 | D:12     | Found Ozxal's Antique Armour Boutique.
 19466 | D:12     | Found a gate leading to a gauntlet.
 19479 | Gauntlet | Entered a Gauntlet
 19479 | Gauntlet | Found a transporter.
 19532 | Gauntlet | Found a transporter.
 19535 | Gauntlet | Found a transporter.
 19536 | Gauntlet | Found a transporter.
 19547 | Gauntlet | Found a transporter.
 19547 | Gauntlet | Found a transporter.
 19548 | Gauntlet | Found a transporter.
 19551 | Gauntlet | Noticed a reaper
 19851 | Gauntlet | Found a transporter.
 19851 | Gauntlet | Found a transporter.
 19853 | Gauntlet | Found a transporter.
 19859 | Gauntlet | Noticed a quicksilver ooze
 19926 | Gauntlet | Found a transporter.
 19935 | Gauntlet | Killed a quicksilver ooze
 20001 | Gauntlet | Found a transporter.
 20001 | Gauntlet | Found a transporter.
 20015 | Gauntlet | Found the amulet of the Air {Inacc Air Fly rElec RMsl}
 20053 | Gauntlet | Found a transporter.
 20302 | D:12     | Noticed Rupert
 20307 | D:12     | Killed Rupert
 20459 | D:12     | Noticed Lodul
 20475 | D:12     | Killed Lodul
 21261 | D:13     | Found a gate to the Vaults.
 21278 | D:13     | Noticed Josephine
 21310 | D:13     | Killed Josephine
 21571 | D:13     | Found Peiguyje's General Store.
 21753 | D:13     | Bought a +0 pair of boots of stealth for 172 gold pieces
 21753 | D:13     | Bought a scroll of teleportation for 45 gold pieces
 22012 | D:14     | Found a frozen archway.
 22016 | D:14     | Reached skill level 10 in Long Blades
 22019 | IceCv    | Entered an ice cave
 22119 | IceCv    | Noticed a quicksilver ooze
 22124 | IceCv    | Noticed a quicksilver ooze
 22126 | IceCv    | Killed a quicksilver ooze
 22133 | IceCv    | Killed a quicksilver ooze
 22146 | IceCv    | Got the Compendium of the Winter
 22256 | IceCv    | Noticed a quicksilver ooze
 22278 | IceCv    | Killed a quicksilver ooze
 22386 | IceCv    | Noticed a quicksilver ooze
 22399 | IceCv    | Killed a quicksilver ooze
 22501 | IceCv    | Noticed a quicksilver ooze
 22511 | IceCv    | Killed a quicksilver ooze
 22516 | IceCv    | Noticed an azure jelly
 22518 | IceCv    | Found a viscous altar of Jiyva.
 22518 | IceCv    | Noticed an azure jelly
 22521 | IceCv    | Noticed an azure jelly
 22521 | IceCv    | Noticed a rockslime
 22523 | IceCv    | Killed an azure jelly
 22524 | IceCv    | Reached XP level 15. HP: 122/122 MP: 25/25
 22526 | IceCv    | Killed an azure jelly
 22530 | IceCv    | Killed an azure jelly
 22535 | IceCv    | Killed a rockslime
 22541 | IceCv    | Identified the amulet of the Conjuring Gods {Acrobat MP+9
                  | Str+2 Int-4 Dex+4}
 22605 | D:14     | Got the Omnibus of Maleficent Arts
 22735 | D:14     | Reached skill level 1 in Shields
 23384 | D:15     | Entered Level 15 of the Dungeon
 23393 | D:15     | Found Xokyinyj's Assorted Antiques.
 23516 | D:15     | Found a staircase to the Depths.
 23571 | D:15     | Found an ornate altar of the Wu Jian Council.
 24404 | Orc:1    | Entered Level 1 of the Orcish Mines
 24421 | Orc:1    | Found a runed translucent gate.
 24421 | Orc:1    | Found a runed translucent gate.
 24421 | Orc:1    | Found a runed translucent gate.
 24422 | Orc:1    | Found an opulent altar of Gozag.
 24423 | Orc:1    | Found Hufoezef's Assorted Antiques.
 24423 | Orc:1    | Noticed Liomoixe's ghost (journeyman DrCj)
 24444 | Orc:1    | Noticed an orc warlord
 24480 | Orc:2    | Entered Level 2 of the Orcish Mines
 24613 | Orc:1    | You fall into a shaft and drop 1 floor!
 24719 | Orc:2    | Noticed Sonja
 24720 | Orc:2    | Killed Sonja
 24732 | Orc:2    | Mangled by an orc knight

Illustrated notes

Levels and vault maps discovered:
D:1:      dpeg_arrival_connections, layout_basic,
          shapermc_ecumenical_altar_pompeii
D:2:      layout_basic
D:3:      layout_basic, serial_shops, nicolae_lakefront_shop, uniq_robin
D:4:      layout_cave_pools, nicolae_qazlal_eye_of_the_storm,
          ebering_ghost_reflecting_pool
D:5:      layout_basic, kennysheep_mini_moat, kiku_gazebo_garden_becter,
          mainiacjoe_overflow_large_starburst, serial_glass, glass_columns_b,
          glass_columns_c, glass_columns_a, glass_columns_a, glass_columns_a,
          glass_columns_b
D:6:      layout_loops_ring, okawaru_trees_2, general_overflow_altar,
          temple_hall
D:7:      lemuel_ice_spiral_2, layout_basic, nicolae_hepliaklqana_hazy_memory,
          uniq_duvessa
D:8:      layout_rooms, grunt_lair_entry_orc_guard_hut, serial_shops, shop,
          serial_bayou, serial_bayou_crossing, serial_bayou_lagoon_b,
          serial_bayou_pond_d, serial_bayou_pond_e,
          hangedman_decor_clover_reticule
D:9:      layout_basic, amcnicky_altar_gilded, david_orc_2, uniq_amaemon
D:10:     layout_basic
D:11:     layout_roguey
D:12:     layout_small_grid, gauntlet_entry_generic, serial_shops, shop,
          amcnicky_mini_pool_small, minmay_puff, uniq_rupert, uniq_lodul
D:13:     layout_irregular_city, david_vaults_2, serial_shops,
          nicolae_inconvenience_store, uniq_josephine
D:14:     layout_loops_ring, nicolae_figureground_sparkle,
          portal_ice_cave_entry_dragon, lightli_wizard_tower
D:15:     gammafunk_depths_entry_grave, layout_small_grid,
          pdpol_wu_jian_five_deadly_venoms, serial_shops, shop_statue
Temple:   oiseaux_autumnal_temple
Lair:1:   layout_cellular_growth, grunt_megastairs_1
Lair:2:   layout_regular_city
Lair:3:   layout_concentric_octagons, elwin_shoals_entry_rooms,
          spider_nest_entry_rubble
Lair:4:   layout_gridlike
Lair:5:   hangedman_lair_in_review, layout_regular_city,
          minmay_slime_entry_pillars, nicolae_lair_time_for_slime
Orc:1:    cheibrodos_orc_bank, layout_diamond_mine,
          nicolae_volcano_entry_lava_flow, ebering_ghost_gozag, serial_shops
Orc:2:    grunt_orc_tribal_feast, layout_diamond_mine, uniq_azrael, uniq_sonja

Skill      XL: |  1  2  3  4  5  6  7  8  9 10 11 12 13 14 15 |
---------------+----------------------------------------------+-----
Transmutations | 1 |  1.0
Fighting       | 1 2 3 4 5 6 7 10 11 12 | 12.3
Long Blades    | 1 2 3 4 5 10 12 | 12.1
Dodging        | 2 3 4 6 7 |  7.4
Short Blades   | 4 6 8 9 |  9.2
Stealth        | 5 7 8 10 11 12 | 12.0
Evocations     | 5 8 |  8.3
Invocations    | 2 7 11 13 14 | 14.4
Shields        | 4 |  4.5
Spellcasting   | |  2.0
Earth Magic    | |  2.7

Action                   |  1- 3 |  4- 6 |  7- 9 | 10-12 | 13-15 || total
-------------------------+-------+-------+-------+-------+-------++-------
Melee: Falchion          |    37 |   102 |    72 |       |       ||   211
       Dagger            |       |     2 |   266 |   581 |  1003 ||  1852
       Punch             |       |       |     4 |     8 |    19 ||    31
       Scimitar          |       |       |       |       |    85 ||    85
 Fire: Sling             |    92 |       |       |       |       ||    92
       Shortbow          |       |       |       |     8 |       ||     8
 Cast: Sandblast         |     8 |    15 |    47 |     2 |       ||    72
       Passwall          |       |       |       |     1 |    12 ||    13
Invok: Slouch            |       |       |       |       |     8 ||     8
Evoke: Wand              |       |       |     8 |    11 |     4 ||    23
       Tin of tremorston |       |       |       |       |     3 ||     3
       Condenser vane    |       |       |       |       |     1 ||     1
  Use: Scroll            |     2 |     1 |     9 |    12 |    14 ||    38
       Potion            |     1 |     1 |     2 |     1 |     3 ||     8
 Stab: Sleeping          |       |       |     8 |    22 |    49 ||    79
       Distracted        |       |       |       |     6 |     7 ||    13
Armor: Robe              |    29 |    47 |    64 |       |       ||   140
       Troll leather arm |       |       |    24 |    79 |   109 ||   212
       Ring mail         |       |       |       |       |    69 ||    69
Dodge: Dodged            |    72 |    78 |   165 |   326 |   750 ||  1391

Table legend: (Time is in decaauts)
 A = Elapsed time spent in this place.
 B = Non-inter-level travel time spent in this place.
 C = Inter-level travel time spent in this place.
 D = Time resting spent in this place.
 E = Time spent auto-exploring this place.
 F = Levels seen in this place.
 G = Mean time per level.
                   A        B        C        D        E       F      G
               +--------+--------+--------+--------+--------+-----+--------+
         Total |  32822 |  30219 |   2603 |    713 |  23775 |  25 | 1312.9 |
       Dungeon |  20870 |  19193 |   1677 |    626 |  15048 |  15 | 1391.3 |
        Temple |    110 |     66 |     44 |      0 |     59 |   1 |  110.0 |
          Lair |   9782 |   8923 |    859 |      0 |   7519 |   5 | 1956.4 |
  Orcish Mines |    401 |    379 |     22 |      0 |    205 |   2 |  200.5 |
      Ice Cave |    737 |    737 |      0 |      0 |    363 |   1 |  737.0 |
      Gauntlet |    919 |    919 |      0 |     87 |    581 |   1 |  919.0 |
               +--------+--------+--------+--------+--------+-----+--------+

Top non-repeatable levels by time:
  Lair:5: 3809 daAuts
     D:7: 2619 daAuts
    D:10: 1869 daAuts
  Lair:2: 1777 daAuts
     D:6: 1652 daAuts
    D:12: 1642 daAuts
    D:13: 1640 daAuts
  Lair:1: 1610 daAuts
    D:11: 1576 daAuts
  Lair:4: 1514 daAuts
     D:9: 1511 daAuts
     D:4: 1489 daAuts
    D:14: 1435 daAuts
     D:8: 1424 daAuts
     D:5: 1258 daAuts
